 Dungeon Crawl Stone Soup version 0.29-a0-847-g24c0ca63c9 (webtiles) character file.

Game seed: 8979885177436542019

96 Malachi the Cudgeller (level 4, 0/38 HPs)
             Began as a Ghoul Fighter on July 16, 2022.
             Slain by an iguana (4 damage)
             ... on level 3 of the Dungeon.
             The game lasted 00:02:29 (2206 turns).

Malachi the Cudgeller (Ghoul Fighter)               Turns: 2206, Time: 00:02:30

Health: 0/38       AC: 10    Str: 20 (21) XL:     4   Next: 67%
Magic:  3/3        EV:  7    Int:  3      God:
Gold:   99         SH:  3    Dex:  7 (8)  Spells: 3/3 levels left

rFire   . . .      SeeInvis .   a - +0 flail
rCold   + . .      Faith    +   c - +0 buckler
rNeg    + + +      Spirit   .   n - +0 chain mail
rPois   ∞          Reflect  .   (no helmet)
rElec   .          Harm     .   (no cloak)
rCorr   .          Rampage  .   (no gloves)
Will    .....                   d - +0 pair of boots
Stlth   ..........              j - amulet of faith
HPRegen 0.00/turn               (no ring)
MPRegen 0.08/turn               (no ring)

@: inhibited regen
A: claws 1, cold resistance 1, negative energy resistance 3, inhibited
regeneration, torment resistance 2, devour on kill
a: no special abilities


You were on level 3 of the Dungeon.
You visited 1 branch of the dungeon, and saw 3 of its levels.

You collected 99 gold pieces.

Inventory:

Hand Weapons
 a - a +0 flail (weapon)
Armour
 c - a +0 buckler (worn)
 d - a +0 pair of boots (worn)
 n - a +0 chain mail (worn)
Jewellery
 j - an amulet of faith (around neck)
Wands
 k - a wand of charming (5)
Scrolls
 b - a scroll of noise {unknown}
 e - a scroll of magic mapping {unknown}
 f - a scroll of vulnerability {unknown}
 g - a scroll of summoning {unknown}
 h - a scroll of identify {unknown}
 m - 2 scrolls of fear {unknown}
Potions
 i - a potion of heal wounds {unknown}
 l - a potion of ambrosia


   Skills:
 - Level 3.2 Fighting
 + Level 4.3 Maces & Flails
 - Level 2.6 Armour
 - Level 2.6 Shields


You had 3 spell levels left.
You didn't know any spells.
Your spell library contained the following spells:

 Spells                   Type           Power      Damage    Failure   Level
 Blink                    Tloc           0%         N/A       100%        2
 Lesser Beckoning         Tloc           0%         N/A       100%        3
 Manifold Assault         Tloc           0%         N/A       100%        5


Dungeon Overview and Level Annotations

Branches:
Dungeon (3/15)

Altars:

Shops:
D:1 *   D:2 ?


Innate Abilities, Weirdness & Mutations

You are immune to poison.
You have sharp fingernails.
Your flesh is cold resistant. (rC+)
You are immune to negative energy. (rN+++)
You do not regenerate when monsters are visible.
You are immune to unholy pain and torment.
You thrive by killing the living.


Message History

No target in view!
No target in view!
No target in view!
No target in view!
An iguana comes into view.
An iguana is nearby!
An iguana is nearby!
An iguana is nearby!
The iguana hisses angrily.
Things that are here:
a jackal corpse; a jackal corpse You barely miss the iguana.
The iguana hisses menacingly.
The iguana bites you!
You hit the iguana.
The iguana is lightly wounded.
The iguana bites you but does no damage.
You barely miss the iguana.
The iguana is lightly wounded.
The iguana bites you!
You are too injured to fight recklessly!
You hit the iguana.
The iguana is heavily wounded.
You block the iguana's attack. The iguana closely misses you.
You closely miss the iguana.
The iguana is heavily wounded.
The iguana bites you!
* * * LOW HITPOINT WARNING * * *
You hit the iguana.
The iguana is severely wounded.
The iguana bites you.
* * * LOW HITPOINT WARNING * * *
You hit the iguana but do no damage.
The iguana is severely wounded.
The iguana bites you.
* * * LOW HITPOINT WARNING * * *
You hit the iguana.
The iguana is almost dead.
You block the iguana's attack. The iguana bites you.
You die...

###############
#####.l@..........#
#.....###########'###
#.##....# #......#
#.h..# #......#
#....# #......###
#..h.# +.........
#....+###+#......###
.....#...........+
.....#...........####


You could see an iguana.

Vanquished Creatures
  4 adders (D:2)
  2 worms (D:2)
  2 dart slugs (D:2)
  3 bats
  5 endoplasms
  2 giant cockroaches (D:2)
  4 goblins
  7 jackals
  2 kobolds (D:1)
  2 quokkas (D:1)
  9 ball pythons
  6 rats
48 creatures vanquished.

Vanquished Creatures (others)
  A demonic plant (D:1)
  2 fungi (D:1)
  2 withered plants (D:1)
5 creatures vanquished.

Grand Total: 53 creatures vanquished

Notes
Turn   | Place    | Note
-------+----------+-------------------------------------------
     0 | D:1      | Malachi the Ghoul Fighter began the quest for the Orb.
     0 | D:1      | Reached XP level 1. HP: 19/19 MP: 0/0
    84 | D:1      | Reached skill level 2 in Maces & Flails
   278 | D:1      | Found Goacw's Assorted Antiques.
   374 | D:1      | Reached XP level 2. HP: 20/26 MP: 1/1
   851 | D:1      | Found a faded altar of an unknown god.
  1165 | D:2      | Found Puogaifo's Magic Scroll Emporium.
  1170 | D:2      | Reached skill level 3 in Maces & Flails
  1188 | D:2      | Reached XP level 3. HP: 4/31 MP: 2/2
  1220 | D:2      | HP: 1/31 [jackal (3)]
  1556 | D:2      | Reached XP level 4. HP: 38/38 MP: 3/3
  1620 | D:2      | Reached skill level 4 in Maces & Flails
  2206 | D:3      | Slain by an iguana

Illustrated notes

Levels and vault maps discovered:
D:1:      eino_arrival_cavern_c, layout_basic, shapermc_ecumenical_altar_gd,
          serial_shops, nicolae_shop_crystal
D:2:      layout_basic, serial_shops, shop, kennysheep_donut,
          amcnicky_mini_rare_corridor_liquid
D:3:      layout_basic, led_sif_pool

Skill      XL: |  1  2  3  4 |
---------------+-------------+-----
Maces & Flails | 2 3 4 |  4.3
Fighting       | |  3.2
Armour         | |  2.6
Shields        | |  2.6

Action                   |  1- 3 |  4- 6 || total
-------------------------+-------+-------++-------
Melee: Flail             |   114 |    66 ||   180
  Use: Potion            |     5 |       ||     5
Armor: Scale mail        |    86 |    18 ||   104
       Chain mail        |       |     8 ||     8
Dodge: Dodged            |    83 |    29 ||   112
Block: Buckler           |    41 |    12 ||    53

Table legend: (Time is in decaauts)
 A = Elapsed time spent in this place.
 B = Non-inter-level travel time spent in this place.
 C = Inter-level travel time spent in this place.
 D = Time resting spent in this place.
 E = Time spent auto-exploring this place.
 F = Levels seen in this place.
 G = Mean time per level.
                   A        B        C        D        E       F      G
               +--------+--------+--------+--------+--------+-----+--------+
         Total |   2235 |   2120 |    115 |    166 |   1545 |   3 |  745.0 |
       Dungeon |   2235 |   2120 |    115 |    166 |   1545 |   3 |  745.0 |
               +--------+--------+--------+--------+--------+-----+--------+

Top non-repeatable levels by time:
     D:1: 1177 daAuts
     D:2: 893 daAuts
     D:3: 164 daAuts
